Map: Coda EC

Players

Schwilly

  • Race: Protoss Protoss
  • League: Grandmaster

AgCl - Winner!

  • Race: Protoss Protoss
  • League: Grandmaster

VOD

Have the link to the VOD?

Description

Time

  • Played on: June 5, 2015, 8:34 p.m.
  • Length: 9:21
Show
View Real Time Build Order
Export as new Build Order

Schwilly Protoss 

Build Orders:  

Get SALT Encoding   

  12  0:01  Probe  
  13  0:13  Pylon  
  13  0:19  Probe  
  14  0:33  Gateway  
  14  0:38  Probe (Chrono Boost)  
  15  0:47  Assimilator  
  15  0:48  Probe (Chrono Boost)  
  16  1:00  Probe  
  17  1:05  Assimilator  
  17  1:21  Cybernetics Core  
  17  1:28  Zealot  
  17  1:32  Probe  
  20  1:38  Gateway  
  20  1:50  Pylon  
  20  1:58  Stalker (Chrono Boost)  
  22  2:08  Probe  
  22  2:15  Gateway  
  23  2:19  Warp Gate (Chrono Boost)  
  23  2:35  Stalker (Chrono Boost)  
  25  2:39  Adept (Chrono Boost)  
  27  2:51  Pylon  
  27  3:04  Stalker  
  29  3:09  Zealot  
  31  3:18  Forge  
  31  3:21  Probe  
  32  3:36  Twilight Council  
  30  4:15  Dark Shrine  
  28  4:22  Probe  
  29  4:24  Stalker  
  29  4:25  Stalker  
  29  4:27  Stalker  
  29  4:31  Pylon  
  29  4:49  Stalker x2  
  29  4:52  Zealot  
  29  5:17  Stalker x3  
  31  5:40  Stalker  
  31  5:41  Stalker  
  31  5:42  Zealot  
  37  5:47  Probe  
  38  6:08  Probe  
  38  6:11  Stalker x2  
  43  6:20  Probe  
  42  6:36  Pylon  
  36  6:53  Photon Cannon  
  38  6:56  Mothership Core (Chrono Boost)  
  38  7:08  Pylon  
  36  7:22  Pylon  
  36  7:24  Pylon  
  36  7:26  Probe  
  37  7:32  Pylon  
  37  7:38  Pylon  
  37  7:39  Probe  
  38  7:49  Dark Templar  
  40  7:51  Dark Templar  
  42  7:58  Gateway  
  42  8:00  Mothership Core  
  40  8:11  Archon  
  32  8:24  Stalker x2  
  32  8:31  Probe  
  33  8:43  Probe  
  33  8:45  Gateway  
  33  8:48  Dark Templar x2  
  36  8:54  Archon  
  38  8:57  Stalker  
  38  9:00  Probe  
Show
View Real Time Build Order
Export as new Build Order

AgCl Protoss - Winner!

Build Orders:  

Get SALT Encoding   

  13  0:13  Probe  
  13  0:16  Pylon  
  13  0:25  Probe  
  14  0:38  Probe  
  14  0:40  Gateway  
  15  0:50  Probe  
  16  1:03  Assimilator  
  16  1:04  Probe, Pylon  
  17  1:16  Probe  
  18  1:28  Probe, Zealot (Chrono Boost)  
  21  1:35  Cybernetics Core  
  21  1:36  Assimilator  
  21  1:40  Probe  
  22  1:52  Probe (Chrono Boost)  
  23  1:55  Pylon  
  23  2:04  Probe (Chrono Boost)  
  24  2:13  Probe (Chrono Boost)  
  25  2:20  Stargate  
  25  2:21  Probe  
  26  2:36  Mothership Core (Chrono Boost)  
  25  2:47  Warp Gate  
  25  2:50  Probe (Chrono Boost)  
  26  2:53  Zealot  
  28  2:59  Gateway  
  28  3:12  Void Ray (Chrono Boost)  
  32  3:14  Probe  
  33  3:26  Probe  
  34  3:37  Pylon  
  34  3:47  Gateway  
  32  3:54  Zealot (Chrono Boost)  
  32  3:55  Zealot (Chrono Boost)  
  34  4:16  Void Ray (Chrono Boost)  
  37  4:18  Mothership Core (Chrono Boost)  
  39  4:44  Robotics Facility  
  39  4:52  Nexus  
  39  4:55  Gateway  
  37  5:11  Void Ray (Chrono Boost)  
  37  5:22  Probe  
  38  5:34  Mothership Core (Chrono Boost)  
  40  5:42  Zealot  
  42  5:46  Void Ray  
  46  5:54  Pylon  
  46  5:59  Observer  
  45  6:07  Stalker x2  
  49  6:12  Pylon  
  47  6:29  Pylon  
  47  6:30  Pylon  
  41  7:25  Probe, Void Ray (Chrono Boost), Immortal (Chrono Boost)  
  41  7:29  Probe  
  51  7:34  Probe  
  51  7:35  Forge  
  51  7:40  Pylon  
  51  7:41  Probe  
  53  7:46  Probe  
  54  7:52  Assimilator  
  54  7:57  Gateway, Observer  
  55  8:00  Probe  
  55  8:01  Pylon  
  52  8:22  Stalker x2  
  52  8:23  Zealot  
  52  8:25  Zealot  
  60  8:31  Photon Cannon  
  61  8:35  Probe (Chrono Boost)  
  61  8:39  Probe (Chrono Boost)  
  62  8:42  Probe (Chrono Boost)  
  63  8:48  Probe (Chrono Boost)  
  65  8:59  Probe (Chrono Boost)  
  65  9:00  Probe (Chrono Boost)  
  66  9:06  Probe (Chrono Boost)  
  65  9:21  Pylon  
Tags
 
Add a new tag
Caveats
  • Supply blocks, unpowered buildings, or Contaminate may cause inaccurate times.
  • Supply counts are checked every 10 seconds.